 Dungeon Crawl Stone Soup version 0.31-a0-149-g3fdcc5976a (webtiles) character file.

Game seed: 2070224751050153954

489 IdlyInterested the Trooper (level 6, -7/52 HPs)
             Began as a Demonspawn Wanderer on June 7, 2023.
             Mangled by a gnoll
             ... wielding a +0 halberd
             ... led by a gnoll bouda
              (9 damage)
             ... on level 4 of the Dungeon.
             The game lasted 00:13:06 (4591 turns).

IdlyInterested the Trooper (Demonspawn Wanderer)    Turns: 4591, Time: 00:13:06

Health: -7/52      AC:  9    Str: 16    XL:     6   Next: 90%
Magic:  7/7        EV: 12    Int: 14    God:
Gold:   261        SH:  0    Dex: 10    Spells: 7/7 levels left

rFire   . . .        a - +0 hand axe
rCold   . . .        (no shield)
rNeg    . . .        s - +0 chain mail
rPois   .            b - +0 helmet
rElec   .            (no cloak)
rCorr   .            (no gloves)
SInv    .            (no boots)
Will    .....        (no amulet) Stlth
                     r - +5 ring of evasion
HPRegen 0.28/turn    (no ring)
MPRegen 0.10/turn

%: no passive effects
@: no status effects
A: claws 2, hooves 2, weakness stinger 1
a: no special abilities


You were on level 4 of the Dungeon.
You visited 1 branch of the dungeon, and saw 4 of its levels.
You also visited: Sewer.

You collected 261 gold pieces.

Inventory:

Hand Weapons
 a - a +0 hand axe (weapon)
 g - a +0 hand axe
 m - a +0 hand axe
 u - a +0 whip of electrocution
Missiles
 l - 41 stones (quivered)
 t - 5 poisoned darts
 v - 2 boomerangs
 B - a throwing net
Armour
 b - a +0 helmet (worn)
 d - a +0 tower shield
 s - a +0 chain mail (worn)
Jewellery
 r - a +5 ring of evasion (left claw)
Wands
 n - a wand of digging (6)
 y - a wand of paralysis (12)
Scrolls
 c - 2 scrolls of fear
 e - a scroll of vulnerability {unknown}
 f - a scroll of immolation
 h - a scroll of amnesia
 i - a scroll of silence {unknown}
 o - a scroll of poison
 p - 3 scrolls of teleportation
 q - a scroll of enchant armour
 z - a scroll of fog {unknown}
Potions
 j - 3 potions of brilliance
 k - a potion of heal wounds
 w - 3 potions of enlightenment
 x - 3 potions of curing
 A - a potion of attraction


   Skills:
 * Level 5.7 Fighting
 * Level 3.0 Axes
 - Level 1.0 Throwing
 - Level 1.0 Armour
 - Level 2.0 Dodging
 - Level 1.0 Stealth
 - Level 1.0 Shields
 - Level 1.0 Unarmed Combat
 - Level 1.0 Spellcasting
 - Level 2.0 Ice Magic
 - Level 2.0 Invocations
 - Level 1.0 Evocations


You had 7 spell levels left.
You didn't know any spells.
Your spell library contained the following spells:

 Spells                   Type           Power      Damage    Failure   Level
 Freeze                   Ice            24%        1d4       83%         1
 Frozen Ramparts          Ice            12%        1d2       99%         3
 Summon Ice Beast         Ice/Summ       3%         N/A       100%        4


Dungeon Overview and Level Annotations

Branches:
Dungeon (4/15)              Sewer (visited)
 Temple: D:4-7

Altars:
Kikubaaqudgha
Ru
Sif Muna
Trog

Shops:
D:3 *


Innate Abilities, Weirdness & Mutations

You have very sharp fingernails.
You have hoof-like feet.
You have a small tail.


Message History

The gnoll hits you with a +0 halberd. The gnoll hits you but does no damage.
Things that are here:
a +0 whip; a gnoll corpse You hit the gnoll.
You kick the gnoll.
The gnoll is moderately wounded.
You barely miss the gnoll. The gnoll hits you with a +0 halberd!
* * * LOW HITPOINT WARNING * * *
The gnoll barely misses you.
You hit the gnoll. Your kick misses the gnoll.
The gnoll is severely wounded.
You closely miss the gnoll. The gnoll completely misses you.
The gnoll misses you. The gnoll barely misses you.
You hit the gnoll. Your kick misses the gnoll.
The gnoll is almost dead.
You closely miss the gnoll.
Your attacks no longer feel as feeble.
The gnoll barely misses you. x2
You hit the gnoll but do no damage. Your kick misses the gnoll.
The gnoll is almost dead.
You hit the gnoll. The gnoll misses you. The gnoll barely misses you.
You barely miss the gnoll. You kick the gnoll.
Your tail-slap misses the gnoll.
The gnoll is almost dead.
You hit the gnoll. The gnoll hits you with a +0 whip.
* * * LOW HITPOINT WARNING * * *
The gnoll closely misses you.
You barely miss the gnoll.
Your tail-slap misses the gnoll.
The gnoll is almost dead.
You hit the gnoll but do no damage. The gnoll hits you but does no damage.
The gnoll barely misses you.
Unknown command.
You hit the gnoll but do no damage.
The gnoll is almost dead.
You hit the gnoll.
You kill the gnoll!
The gnoll hits you with a +0 halberd.
* * * LOW HITPOINT WARNING * * *
You barely miss the gnoll. You kick the gnoll, but do no damage.
The gnoll is almost dead.
The gnoll closely misses you. The gnoll hits you with a +0 halberd!
You die...

#.# ######. #..#
#...... #.##
#.##### #.# #.# #.#
#.##### #.# #.##...
#.# #.##.##
#)###########.##.#
#.@g.)...##...##.##
########...........
##...#.####.##
................
.................
~g~~~......~~~..~~
≈~≈≈~~~~~~~~~~~~~~
≈~≈≈≈≈≈≈≈≈≈~~≈≈≈≈≈
≈#####≈≈≈≈≈≈≈≈≈≈≈≈


You could see a gnoll.

Vanquished Creatures
  An ogre (D:4)
  A gnoll bouda (D:4)
  An iguana (D:4)
  3 orc wizards (D:3)
  7 gnolls
  7 adders
  A river rat (Sewer)
  An ufetubus (D:4)
  6 worms
  A dart slug (D:2)
  8 orcs
  7 endoplasms
  5 giant cockroaches
  6 goblins
  7 hobgoblins
  5 jackals
  13 kobolds
  A quokka (D:3)
  12 ball pythons
  10 bats
  7 frilled lizards
  10 rats
120 creatures vanquished.

Notes
Turn   | Place    | Note
-------+----------+-------------------------------------------
     0 | D:1      | IdlyInterested the Demonspawn Wanderer began the quest for
                  | the Orb.
     0 | D:1      | IdlyInterested set off with the following items: a +0 hand
                  | axe, a +0 helmet, a scroll of fear, a +0 leather armour;
                  | and the following spell memorised: Freeze; and the
                  | following spells available to memorise: Frozen Ramparts,
                  | Summon Ice Beast.
     0 | D:1      | Reached XP level 1. HP: 16/16 MP: 2/2
    95 | D:1      | Found a faded altar of an unknown god.
   256 | D:1      | Discovered your monstrous ancestry.
   256 | D:1      | Gained mutation: You have large cloven feet. [demonic
                  | ancestry]
   256 | D:1      | Reached XP level 2. HP: 23/23 MP: 3/3
   426 | D:1      | Reached skill level 1 in Armour
   800 | D:2      | Reached skill level 3 in Fighting
   800 | D:2      | Gained mutation: You have sharp fingernails. [demonic
                  | ancestry]
   800 | D:2      | Reached XP level 3. HP: 25/29 MP: 2/4
  1138 | D:2      | Reached skill level 1 in Stealth
  1367 | D:2      | Gained mutation: You have very sharp fingernails. [demonic
                  | ancestry]
  1367 | D:2      | Reached XP level 4. HP: 22/35 MP: 5/5
  1451 | D:2      | Reached skill level 1 in Unarmed Combat
  1948 | D:3      | Reached skill level 1 in Shields
  1963 | D:3      | Reached skill level 4 in Fighting
  1963 | D:3      | Gained mutation: You have a small tail. [demonic ancestry]
  1963 | D:3      | Reached XP level 5. HP: 13/42 MP: 6/6
  2086 | D:3      | Found Zin's Purification Station.
  2361 | D:3      | Found a sacrificial altar of Ru.
  2989 | D:3      | Found a shimmering blue altar of Sif Muna.
  3128 | D:4      | Reached skill level 1 in Throwing
  3131 | D:4      | Found a glowing drain.
  3169 | Sewer    | Entered a sewer
  3520 | Sewer    | Gained mutation: You have hoof-like feet. [demonic
                  | ancestry]
  3520 | Sewer    | Reached XP level 6. HP: 50/50 MP: 7/7
  3604 | Sewer    | Reached skill level 5 in Fighting
  3816 | D:3      | Reached skill level 1 in Evocations
  4075 | D:4      | Found an ancient bone altar of Kikubaaqudgha.
  4367 | D:4      | Found a bloodstained altar of Trog.
  4590 | D:4      | HP: 2/52 [gnoll/+0 halberd[a gnoll bouda] (6)]
  4591 | D:4      | Mangled by a gnoll

Illustrated notes

Levels and vault maps discovered:
D:1:      onia_arrival_handbag, layout_loops_ring,
          shapermc_ecumenical_altar_mp_highgroup, minmay_vboxes
D:2:      layout_basic
D:3:      layout_basic, lemuel_blue_sif_altar, zin_purify,
          nicolae_ru_great_annihilating_truth
D:4:      minmay_goblin_kobold_castle, layout_loops_ring,
          mainiacjoe_overflow_cross_hatched, general_overflow_altar,
          cheibrodos_sewer_entry_drain

Skill      XL: |  1  2  3  4  5  6 |
---------------+-------------------+-----
Axes           | 2 3 |  3.0
Armour         | 1 |  1.0
Dodging        | 2 |  2.0
Fighting       | 3 4 5 |  5.7
Stealth        | 1 |  1.0
Unarmed Combat | 1 |  1.0
Shields        | 1 |  1.0
Ice Magic      | 2 |  2.0
Invocations    | 2 |  2.0
Throwing       | 1 |  1.0
Evocations     | 1 |  1.0
Spellcasting   | |  1.0

Action                     |  1- 3 |  4- 6 || total
---------------------------+-------+-------++-------
  Melee: Hand axe          |   146 |   287 ||   433
         Kick              |    20 |    54 ||    74
         Punch             |     1 |     3 ||     4
         Tailslap          |       |    22 ||    22
  Throw: Stone             |       |     4 ||     4
         Dart              |       |     1 ||     1
   Cast: Freeze            |     1 |       ||     1
    Use: Scroll            |     3 |     7 ||    10
         Potion            |     1 |     3 ||     4
   Stab: Paralysed         |       |     2 ||     2
 Armour: Ring mail         |    76 |       ||    76
         Leather armour    |     3 |       ||     3
         Chain mail        |       |    94 ||    94
  Dodge: Dodged            |    92 |   205 ||   297

Table legend: (Time is in decaauts)
 A = Elapsed time spent in this place.
 B = Non-inter-level travel time spent in this place.
 C = Inter-level travel time spent in this place.
 D = Time resting spent in this place.
 E = Time spent auto-exploring this place.
 F = Levels seen in this place.
 G = Mean time per level.
                   A        B        C        D        E       F      G
               +--------+--------+--------+--------+--------+-----+--------+
         Total |   4718 |   4123 |    595 |    672 |   2079 |   5 |  943.6 |
       Dungeon |   4110 |   3515 |    595 |    489 |   1902 |   4 | 1027.5 |
         Sewer |    607 |    607 |      0 |    183 |    177 |   1 |  607.0 |
               +--------+--------+--------+--------+--------+-----+--------+

Top non-repeatable levels by time:
     D:3: 1463 daAuts
     D:1: 1001 daAuts
     D:2: 911 daAuts
     D:4: 733 daAuts
   Sewer: 607 daAuts
